 Dungeon Crawl Stone Soup version 0.25.1-2-g60ff931df9 (webtiles) character file.

Game seed: 5357039093439015650

19348 gruber the Frost Mage (level 12, -4/91 HPs)
             Began as a Gnoll Ice Elementalist on Oct 8, 2020.
             Was an Elder of Vehumet.
             Slain by a freezing wraith (11 damage)
             ... led by a death knight
             ... on level 13 of the Dungeon.
             The game lasted 00:24:56 (15406 turns).

gruber the Frost Mage (Gnoll Ice Elementalist)     Turns: 15406, Time: 00:24:57

Health: -4/91      AC:  7    Str: 11    XL:     12   Next: 68%
Magic:  6/25       EV: 18    Int: 23    God:    Vehumet [****..]
Gold:   707        SH:  8    Dex: 15    Spells: 12/29 levels left

rFire    + . .     SeeInvis .   a - +4 trident (flame)
rCold    . . .     Gourm    .   H - +2 buckler
rNeg     . . .     Faith    .   N - +0 robe {rF+}
rPois    .         Spirit   .   (no helmet)
rElec    .         Reflect  .   M - +2 cloak
rCorr    +         Harm     .   (no gloves)
MR       .....                  A - +0 pair of boots
Stlth    ++++......             f - amulet of regeneration
HPRegen  0.65/turn              e - ring of resist corrosion
MPRegen  0.19/turn              (no ring)

@: slowed, very slow
A: distributed training, fangs 1, strong nose
a: Renounce Religion


You were on level 13 of the Dungeon.
You worshipped Vehumet.
Vehumet was greatly pleased with you.
You were not hungry.

You visited 2 branches of the dungeon, and saw 14 of its levels.
You also visited: Ossuary.

You collected 707 gold pieces.

Inventory:

Hand Weapons
 a - a +4 trident of flaming (weapon)
 m - a +0 vorpal trident
 I - a +2 scimitar of flaming
Missiles
 y - 92 poisoned darts (quivered)
Armour
 A - a +0 pair of boots (worn)
 H - a +2 buckler (worn)
 M - a +2 cloak (worn)
 N - a +0 robe of fire resistance (worn)
 P - the +0 cloak of the Nexus {MP+9}
   (You found it on level 13 of the Dungeon)

   It affects your magic capacity (+9).
Magical Staves
 Q - an uncursed staff of conjuration
Jewellery
 d - an uncursed ring of ice
 e - a ring of resist corrosion (left hand)
 f - an amulet of regeneration (around neck)
 R - an uncursed ring of protection from magic {unknown}
Wands
 l - a wand of polymorph (12)
 r - a wand of digging (4)
 s - a wand of acid (4)
 E - a wand of iceblast (8)
 G - a wand of flame (17)
Scrolls
 b - 15 scrolls of identify
 g - 6 scrolls of enchant armour {unknown}
 i - 5 scrolls of blinking
 p - 4 scrolls of teleportation {unknown}
 q - 6 scrolls of remove curse {unknown}
 v - 2 scrolls of fear {unknown}
 w - 3 scrolls of amnesia {unknown}
 C - a scroll of noise {unknown}
 D - a scroll of fog {unknown}
 F - a scroll of magic mapping {unknown}
 J - a scroll of brand weapon {unknown}
 K - 2 scrolls of immolation {unknown}
 O - a scroll of enchant weapon {unknown}
Potions
 h - 2 potions of haste
 j - 2 potions of resistance {unknown}
 k - 2 potions of flight {unknown}
 n - 2 potions of ambrosia
 o - 7 potions of curing {unknown}
 t - 2 potions of mutation {unknown}
 u - a potion of stabbing {unknown}
 x - 2 potions of magic {unknown}
 z - a potion of berserk rage {unknown}
 B - 2 potions of lignification {unknown}
 L - a potion of might {unknown}
Comestibles
 c - 25 rations


   Skills:
 + Level 7.4 Fighting
 + Level 7.4 Short Blades
 + Level 7.4 Long Blades
 + Level 7.4 Axes
 + Level 7.4 Maces & Flails
 + Level 7.4 Polearms
 + Level 7.4 Staves
 + Level 7.4 Slings
 + Level 7.4 Bows
 + Level 7.4 Crossbows
 + Level 7.4 Throwing
 + Level 7.4 Armour
 + Level 8.8 Dodging
 + Level 8.6 Stealth
 + Level 7.4 Shields
 + Level 7.4 Unarmed Combat
 + Level 9.0 Spellcasting
 + Level 6.1 Conjurations
 + Level 6.1 Hexes
 + Level 6.1 Charms
 + Level 6.1 Summonings
 + Level 6.1 Necromancy
 + Level 6.1 Translocations
 + Level 6.1 Transmutations
 + Level 6.1 Fire Magic
 + Level 9.5 Ice Magic
 + Level 6.1 Air Magic
 + Level 6.1 Earth Magic
 + Level 6.1 Poison Magic
 + Level 8.1 Invocations
 + Level 7.4 Evocations


You had 12 spell levels left.
You knew the following spells:

 Your Spells              Type           Power        Failure   Level  Hunger
a - Freeze                Ice            ####         1%          1    None
b - Frozen Ramparts       Ice            ######       1%          3    None
c - Summon Ice Beast      Ice/Summ       #####...     2%          4    ##.....
d - Sticky Flame          Conj/Fire      #####...     1%          4    ##.....
e - Fireball              Conj/Fire      #####.....   4%          5    ####...

Your spell library contained the following spells:

 Spells                   Type           Power        Failure   Level  Hunger
 Fulminant Prism          Conj/Hex       #####.....   1%          4    ##.....
 Animate Skeleton         Necr           N/A          1%          1    None
 Foxfire                  Conj/Fire      ####         1%          1    None
 Pain                     Necr           ####         1%          1    None
 Corpse Rot               Necr/Air       N/A          1%          2    None
 Shroud of Golubria       Chrm/Tloc      #####.       1%          2    None
 Sublimation of Blood     Necr           #####.....   1%          2    None
 Swiftness                Chrm/Air       #####...     1%          2    None
 Conjure Flame            Conj/Fire      #####...     1%          3    None
 Inner Flame              Hex/Fire       #####...     1%          3    None
 Ozocubu's Armour         Chrm/Ice       #####...     1%          3    None
 Spectral Weapon          Hex/Chrm       #####...     1%          3    None
 Vampiric Draining        Necr           #####.....   1%          3    None
 Hailstorm                Conj/Ice       #####...     1%          4    ##.....
 Animate Dead             Necr           N/A          4%          4    ##.....
 Dispel Undead            Necr           #####...     4%          4    ##.....
 Agony                    Necr           #####...     14%         5    ####...
 Excruciating Wounds      Chrm/Necr      #####.....   14%         5    ####...
 Dispersal                Tloc           #####.....   58%         6    ######.


Dungeon Overview and Level Annotations

Branches:
Dungeon (13/15)            Temple (1/1) D:4            Lair (0/6) D:8
    Orc (0/2) D:9         Ossuary (visited)
 Vaults: D:13-14

Altars:
Ashenzari
Cheibriados
Dithmenos
Elyvilon
Fedhas
Gozag
Hepliaklqana
Kikubaaqudgha
Makhleb
Nemelex Xobeh
Okawaru
Qazlal
Ru
Sif Muna
Trog
Uskayaw
Vehumet
Wu Jian
Xom
Yredelemnul
Zin
The Shining One

Shops:
D:5 :*(   D:13 [

Annotations:
D:5 1 runed translucent door
D:8 3 runed translucent doors, doomedcactus's ghost, novice DgSu


Innate Abilities, Weirdness & Mutations

Your experience applies equally to all skills.
You have very sharp teeth.
Your uncanny sense of smell can sniff out nearby items.


Message History

Your ice beast hits the freezing wraith but does no damage.
Unknown command.
Unknown command.
Casting: Sticky Flame (mildly dangerous; 1% risk of failure)
Confirm with . or Enter, or press ? or * to list all spells.
Aiming: Sticky Flame (mildly dangerous; 1% risk of failure)
Press: ? - help, Shift-Dir - straight line, f/p - freezing wraith
Aim: a freezing wraith (lightly damaged)
The sticky flame hits the freezing wraith!
The freezing wraith is burned terribly!
The freezing wraith is moderately damaged.
The freezing wraith hits you. The freezing wraith freezes you!
* * * LOW HITPOINT WARNING * * *
The freezing wraith hits you!
* * * LOW HITPOINT WARNING * * *
The freezing wraith drains your vigour!
You feel as though you will be slow longer.
Your ice beast hits the freezing wraith but does no damage. x3
The freezing wraith hits you!
You die...

#.# #..W..# #.#
#####..## #.#
##...W.##### #####.##
#...........
#......###...........
#......#.'...........
#......#.#...........
#<..YY...#...........
#...@W.###...........
#...Y..# #...........
##(##### #...........
#..# ########'###
##.# #.# #.# ###.#
#.# #...# #######†##
######.#####
#........#
###..........#


You could see a freezing wraith and 3 friendly ice beasts.

Vanquished Creatures
  Nessos (D:12)
  A hydra (D:12)
  2 death yaks (D:8)
  A wolf spider zombie (D:10)
  A manticore (D:12)
  A cyclops (D:13)
  A centaur zombie (D:11)
  A gargoyle (D:11)
  A freezing wraith (D:13)
  A kobold demonologist (D:12)
  3 trolls
  8 slime creatures
  2 hippogriffs
  A shadow (D:13)
  2 wyverns (D:12)
  7 yaks
  A warg (D:9)
  Menkaure (Ossuary)
  An ice beast (D:13)
  6 sky beasts
  A black bear (D:10)
  A necrophage (D:12)
  An eye of draining (D:12)
  2 orc warriors
  2 ogres
  11 centaurs
  8 bullfrogs
  2 gnoll sergeants
  A wyvern zombie (D:7)
  2 wyvern skeletons
  A water moccasin skeleton (D:10)
  4 killer bees (D:10)
  3 wights (D:10)
  3 howler monkeys
  A nameless horror (D:7)
  6 crimson imps
  A bullfrog zombie (D:12)
  3 jellies
  A quasit (D:9)
  5 hounds
  2 orc priests (D:6)
  A centaur skeleton (D:4)
  3 bullfrog skeletons
  Jessica (D:3)
  An iguana (D:4)
  Natasha (twice) (D:3)
  11 orc wizards
  8 worker ants
  3 mummies (Ossuary)
  10 gnolls
  10 adders
  5 shadow imps
  An ooze (D:3)
  An adder skeleton (D:7)
  A worm (D:2)
  2 dart slugs
  6 leopard geckos
  24 orcs
  3 ball pythons
  6 bats
  6 giant cockroaches
  8 goblins
  6 hobgoblins
  8 jackals
  8 kobolds
  4 quokkas
  8 frilled lizards
  9 gnoll skeletons (Ossuary)
  6 gnoll zombies (Ossuary)
  3 goblin skeletons (Ossuary)
  3 goblin zombies (Ossuary)
  2 hobgoblin skeletons (Ossuary)
  5 kobold skeletons (Ossuary)
  7 kobold zombies (Ossuary)
  A leopard gecko skeleton (D:6)
  2 orc skeletons (Ossuary)
  3 orc zombies (Ossuary)
  A quokka zombie (D:6)
  9 rats
  4 rat skeletons (Ossuary)
  6 rat zombies (Ossuary)
312 creatures vanquished.

Vanquished Creatures (collateral kills)
  Erica (D:8)
  A two-headed ogre (D:9)
  A death yak (D:8)
  A cyclops (D:11)
  An ugly thing (D:11)
  A centaur zombie (D:13)
  A redback zombie (D:13)
  A troll (D:13)
  3 slime creatures
  A hippogriff (D:11)
  A wyvern (D:8)
  A wraith (D:10)
  A yak (D:11)
  A hungry ghost (D:7)
  An acid dragon (D:11)
  2 water moccasins
  2 ice beasts
  A black bear (D:13)
  An orc warrior (D:9)
  An eye of draining (D:13)
  4 centaurs (D:11)
  A phantom (D:4)
  A wyvern zombie (D:7)
  A bullfrog (D:7)
  A water moccasin skeleton (D:7)
  2 killer bees (D:10)
  5 wights
  A howler monkey (D:5)
  A crimson imp (D:10)
  A quasit (D:11)
  An iguana (D:10)
  2 worker ants
  A gnoll (D:12)
  An adder (D:10)
  An orc (D:7)
48 creatures vanquished.

Grand Total: 360 creatures vanquished

Notes
Turn   | Place    | Note
-------+----------+-------------------------------------------
     0 | D:1      | gruber the Gnoll Ice Elementalist began the quest for the
                  | Orb.
     0 | D:1      | Reached XP level 1. HP: 13/13 MP: 6/6
   326 | D:1      | Reached XP level 2. HP: 7/19 MP: 1/7
  1050 | D:1      | Reached XP level 3. HP: 25/25 MP: 9/9
  1055 | D:1      | Learned a level 3 spell: Frozen Ramparts
  1158 | D:1      | Reached skill level 5 in Spellcasting
  1386 | D:2      | Noticed an ogre
  1395 | D:2      | Killed an ogre
  1395 | D:2      | Reached skill level 1 in Fighting
  1395 | D:2      | Reached skill level 1 in Short Blades
  1395 | D:2      | Reached skill level 1 in Long Blades
  1395 | D:2      | Reached skill level 1 in Axes
  1395 | D:2      | Reached skill level 1 in Maces & Flails
  1395 | D:2      | Reached skill level 1 in Polearms
  1395 | D:2      | Reached skill level 1 in Staves
  1395 | D:2      | Reached skill level 1 in Slings
  1395 | D:2      | Reached skill level 1 in Bows
  1395 | D:2      | Reached skill level 1 in Crossbows
  1395 | D:2      | Reached skill level 1 in Throwing
  1395 | D:2      | Reached skill level 1 in Armour
  1395 | D:2      | Reached skill level 1 in Shields
  1395 | D:2      | Reached skill level 1 in Unarmed Combat
  1395 | D:2      | Reached skill level 1 in Conjurations
  1395 | D:2      | Reached skill level 1 in Hexes
  1395 | D:2      | Reached skill level 1 in Charms
  1395 | D:2      | Reached skill level 1 in Summonings
  1395 | D:2      | Reached skill level 1 in Necromancy
  1395 | D:2      | Reached skill level 1 in Translocations
  1395 | D:2      | Reached skill level 1 in Transmutations
  1395 | D:2      | Reached skill level 1 in Fire Magic
  1395 | D:2      | Reached skill level 1 in Air Magic
  1395 | D:2      | Reached skill level 1 in Earth Magic
  1395 | D:2      | Reached skill level 1 in Poison Magic
  1395 | D:2      | Reached skill level 1 in Invocations
  1395 | D:2      | Reached skill level 1 in Evocations
  1395 | D:2      | Reached XP level 4. HP: 32/32 MP: 3/11
  1395 | D:2      | Reached XP level 5. HP: 37/37 MP: 3/12
  1669 | D:2      | Learned a level 4 spell: Summon Ice Beast
  1768 | D:2      | Found a blossoming altar of Fedhas.
  2547 | D:3      | Noticed Natasha
  2558 | D:3      | Killed Natasha
  2903 | D:3      | Noticed Jessica
  2912 | D:3      | Killed Jessica
  2912 | D:3      | Reached XP level 6. HP: 44/44 MP: 13/13
  2952 | D:3      | Noticed Natasha
  2956 | D:3      | Killed Natasha
  2983 | D:3      | Found an opulent altar of Gozag.
  3607 | D:4      | Found a staircase to the Ecumenical Temple.
  3615 | D:4      | Noticed a phantom
  3632 | D:4      | Killed a phantom
  3632 | D:4      | Reached skill level 5 in Dodging
  3848 | D:4      | Found a sand-covered staircase.
  3856 | Ossuary  | Entered an ossuary
  4261 | Ossuary  | Noticed Menkaure
  4289 | Ossuary  | Killed Menkaure
  4289 | Ossuary  | Reached XP level 7. HP: 12/51 MP: 15/15
  4911 | D:5      | Entered Level 5 of the Dungeon
  4936 | D:5      | Reached skill level 5 in Stealth
  5015 | D:5      | Found Xeqyil's Book Shoppe.
  5108 | D:5      | Found Bacoig's Assorted Antiques.
  5137 | D:5      | Found a runed translucent door.
  5182 | Temple   | Entered the Ecumenical Temple
  5344 | Temple   | Became a worshipper of Vehumet
  5399 | D:5      | Reached XP level 8. HP: 56/57 MP: 12/16
  5552 | D:5      | Found Gooluah's Weapon Shoppe.
  5898 | D:6      | Found a hazy altar of Hepliaklqana.
  5899 | D:6      | Found a glowing silver altar of Zin.
  5899 | D:6      | Found a stormy altar of Qazlal.
  6029 | D:6      | Reached * piety under Vehumet
  6029 | D:6      | Offered knowledge of Shock by Vehumet.
  6593 | D:6      | HP: 1/58 [something/magic dart (6)]
  6934 | D:7      | Reached XP level 9. HP: 32/65 MP: 14/18
  7395 | D:7      | Reached ** piety under Vehumet
  7434 | D:7      | Offered knowledge of Foxfire by Vehumet.
  8226 | D:8      | Noticed a death yak
  8396 | D:8      | Got a masterwork chain mail
  8397 | D:8      | Identified the +6 chain mail of Resourcefulness {*Slow
                  | rPois rN++ Int+3} (You found it on level 8 of the Dungeon)
  8461 | D:8      | Found a runed translucent gate.
  8462 | D:8      | Found a runed translucent gate.
  8462 | D:8      | Found a runed translucent gate.
  8463 | D:8      | Noticed doomedcactus's ghost (novice DgSu)
  8590 | D:8      | Found a staircase to the Lair.
  8608 | D:8      | Noticed a death yak
  8609 | D:8      | Noticed a death yak
  8623 | D:8      | Killed a death yak
  8623 | D:8      | Reached skill level 5 in Invocations
  8642 | D:8      | Killed a death yak
  8642 | D:8      | Reached XP level 10. HP: 73/73 MP: 11/20
  8648 | D:8      | Killed a death yak
  8648 | D:8      | Reached skill level 5 in Fighting
  8648 | D:8      | Reached skill level 5 in Short Blades
  8648 | D:8      | Reached skill level 5 in Long Blades
  8648 | D:8      | Reached skill level 5 in Axes
  8648 | D:8      | Reached skill level 5 in Maces & Flails
  8648 | D:8      | Reached skill level 5 in Polearms
  8648 | D:8      | Reached skill level 5 in Staves
  8648 | D:8      | Reached skill level 5 in Slings
  8648 | D:8      | Reached skill level 5 in Bows
  8648 | D:8      | Reached skill level 5 in Crossbows
  8648 | D:8      | Reached skill level 5 in Throwing
  8648 | D:8      | Reached skill level 5 in Armour
  8648 | D:8      | Reached skill level 5 in Shields
  8648 | D:8      | Reached skill level 5 in Unarmed Combat
  8648 | D:8      | Reached skill level 5 in Evocations
  8820 | D:8      | Noticed Erica
  8831 | D:8      | Killed Erica
  8831 | D:8      | Offered knowledge of Static Discharge by Vehumet.
  9273 | D:9      | Found a basalt altar of Yredelemnul.
  9390 | D:9      | Found a hide-covered altar of Uskayaw.
  9390 | D:9      | Noticed a +0 hand axe
  9390 | D:9      | Noticed a +0 dagger
  9441 | D:9      | Found a staircase to the Orcish Mines.
  9543 | D:9      | Noticed a two-headed ogre
  9549 | D:9      | Killed a two-headed ogre
  9549 | D:9      | Reached *** piety under Vehumet
  9549 | D:9      | Reached XP level 11. HP: 81/81 MP: 11/22
  9638 | D:9      | Learned a level 4 spell: Sticky Flame
  9644 | D:9      | Learned a level 5 spell: Fireball
 10171 | D:10     | Entered Level 10 of the Dungeon
 11154 | D:10     | Offered knowledge of Dazzling Flash by Vehumet.
 11423 | D:11     | Reached skill level 5 in Conjurations
 11423 | D:11     | Reached skill level 5 in Hexes
 11423 | D:11     | Reached skill level 5 in Charms
 11423 | D:11     | Reached skill level 5 in Summonings
 11423 | D:11     | Reached skill level 5 in Necromancy
 11423 | D:11     | Reached skill level 5 in Translocations
 11423 | D:11     | Reached skill level 5 in Transmutations
 11423 | D:11     | Reached skill level 5 in Fire Magic
 11423 | D:11     | Reached skill level 5 in Air Magic
 11423 | D:11     | Reached skill level 5 in Earth Magic
 11423 | D:11     | Reached skill level 5 in Poison Magic
 11803 | D:11     | Noticed a cyclops
 11815 | D:11     | Killed a cyclops
 11947 | D:11     | Noticed a green ugly thing
 11956 | D:11     | Killed a green ugly thing
 12114 | D:11     | You fall into a shaft and drop 2 floors!
 12472 | D:13     | Found Nuxuegoi's Armour Shop.
 12509 | D:13     | Reached **** piety under Vehumet
 12753 | D:13     | Offered knowledge of Iskenderun's Mystic Blast by Vehumet.
 12821 | D:13     | Got a scorched cloak
 12822 | D:13     | Identified the +0 cloak of the Nexus {MP+9} (You found it
                  | on level 13 of the Dungeon)
 12888 | D:13     | Noticed a cyclops
 12894 | D:13     | Killed a cyclops
 12922 | D:12     | Identified Sif Muna's Papyrus of the Helpful Compass
 13006 | D:12     | Reached XP level 12. HP: 89/89 MP: 17/24
 13206 | D:12     | Noticed Nessos
 13899 | D:12     | Killed Nessos
 14120 | D:12     | Reached ***** piety under Vehumet
 14120 | D:12     | Offered knowledge of Fulminant Prism by Vehumet.
 14353 | D:12     | Found an opulent altar of Gozag.
 14378 | D:12     | Noticed an eight-headed hydra
 14397 | D:12     | Killed an eight-headed hydra
 14824 | D:13     | Noticed a death knight
 15406 | D:13     | Slain by a freezing wraith

Illustrated notes

Levels and vault maps discovered:
D:1:      ncdulo_smallfort, layout_loops_ring, minmay_pentomino_o2
D:2:      layout_loops_cross, fedhas_altar_3
D:3:      layout_loops_corners, lemuel_coloured_pillars_altar, uniq_jessica,
          uniq_natasha
D:4:      layout_loops_corners, minmay_temple_entry_grid,
          chequers_ossuary_entry_cave, first_ration
D:5:      layout_rooms, serial_shops, nicolae_shop_trees, shop,
          nicolae_shop_trees, lightli_church_of_beogh
D:6:      layout_basic, chequers_temple_overflow_statue_of_worship
D:7:      layout_basic, grunt_ogre_cave
D:8:      layout_basic, dpeg_lair_monsters, gammafunk_ghost_spectres, uniq_erica
D:9:      layout_stronghold, kennysheep_mini, dancing_weapons_uskayaw,
          david_orc_3
D:10:     layout_stronghold
D:11:     layout_roguey
D:12:     layout_small_grid, enter_bailey_2, serial_park_tiny_pond,
          nicolae_gozag_cash_rules_everything_around_me, uniq_nessos
D:13:     layout_roguey, serial_shops, nicolae_shop_crystal
Temple:   regret_index_temple_sphere_string

Skill      XL: |  1  2  3  4  5  6  7  8  9 10 11 12 |
---------------+-------------------------------------+-----
Spellcasting   | 5 6 7 8 9 |  9.0
Fighting       | 1 2 3 4 5 6 7 |  7.4
Short Blades   | 1 2 3 4 5 6 7 |  7.4
Long Blades    | 1 2 3 4 5 6 7 |  7.4
Axes           | 1 2 3 4 5 6 7 |  7.4
Maces & Flails | 1 2 3 4 5 6 7 |  7.4
Polearms       | 1 2 3 4 5 6 7 |  7.4
Staves         | 1 2 3 4 5 6 7 |  7.4
Slings         | 1 2 3 4 5 6 7 |  7.4
Bows           | 1 2 3 4 5 6 7 |  7.4
Crossbows      | 1 2 3 4 5 6 7 |  7.4
Throwing       | 1 2 3 4 5 6 7 |  7.4
Armour         | 1 2 3 4 5 6 7 |  7.4
Shields        | 1 2 3 4 5 6 7 |  7.4
Unarmed Combat | 1 2 3 4 5 6 7 |  7.4
Conjurations   | 1 2 3 4 5 6 |  6.1
Hexes          | 1 2 3 4 5 6 |  6.1
Charms         | 1 2 3 4 5 6 |  6.1
Summonings     | 1 2 3 4 5 6 |  6.1
Necromancy     | 1 2 3 4 5 6 |  6.1
Translocations | 1 2 3 4 5 6 |  6.1
Transmutations | 1 2 3 4 5 6 |  6.1
Fire Magic     | 1 2 3 4 5 6 |  6.1
Air Magic      | 1 2 3 4 5 6 |  6.1
Earth Magic    | 1 2 3 4 5 6 |  6.1
Poison Magic   | 1 2 3 4 5 6 |  6.1
Invocations    | 1 2 3 4 5 6 7 8 |  8.1
Evocations     | 1 2 3 4 5 6 7 |  7.4
Dodging        | 5 6 7 8 |  8.8
Stealth        | 5 6 7 8 |  8.6
Ice Magic      | 8 9 |  9.5

Action                   |  1- 3 |  4- 6 |  7- 9 | 10-12 || total
-------------------------+-------+-------+-------+-------++-------
Melee: Hand axe          |    54 |    12 |       |       ||    66
       Unarmed           |     3 |       |       |       ||     3
       Bite              |     6 |    32 |    16 |    38 ||    92
       Short sword       |       |    57 |       |       ||    57
       Long sword        |       |    11 |       |       ||    11
       Rapier            |       |   173 |    66 |       ||   239
       Punch             |       |     2 |     1 |       ||     3
       Quarterstaff      |       |       |    40 |       ||    40
       Trident           |       |       |    65 |   435 ||   500
Throw: Dart              |       |       |     2 |       ||     2
 Cast: Freeze            |    14 |       |     3 |     2 ||    19
       Frozen Ramparts   |     1 |    11 |    28 |    58 ||    98
       Summon Ice Beast  |       |     1 |    26 |    73 ||   100
       Sticky Flame      |       |       |       |    13 ||    13
       Fireball          |       |       |       |    17 ||    17
Evoke: Wand              |       |     2 |     2 |     2 ||     6
  Use: Potion            |       |     1 |     1 |       ||     2
       Scroll            |       |       |     1 |     2 ||     3
 Stab: Sleeping          |     3 |    20 |    11 |     8 ||    42
       Distracted        |       |       |     2 |    11 ||    13
  Eat: Chunk             |     1 |     9 |    16 |    22 ||    48
       Ration            |       |     1 |       |     3 ||     4
Armor: Robe              |    10 |    22 |    18 |    64 ||   114
Dodge: Dodged            |    62 |   143 |   150 |   275 ||   630
Block: Buckler           |       |       |       |   133 ||   133
       Rpst.: Long sword |       |     1 |       |       ||     1
